AoeStats
← 海峡

Four Lakes

507431820Analyzed
1v1 RM · 15d ago on Sep 18, 2026· 68m 26s· 2 players
Game mode
Random Map
Map size
Tiny (2 player)
Population
200
Speed
Normal
Resources
Standard
Victory
Conquest
Starting age
Dark Age
Ending age
Imperial Age
RankedLock teamsTeams togetherTeam positionsShared explorationLock speedFull tech treeHidden civsTurbo modeCheats
Victory
Defeat
🇨🇳 Inca · China
1639
+13
🇲🇽 Inca · Mexico
1565
-13
florida
10:03 Feudal Age
10:31 Double-Bit Axe
11:55 Loom
16:55 Castle Age
17:16 Fletching
17:52 Bodkin Arrow
22:53 Ballistics
23:07 Bow Saw
26:37 Wheelbarrow
33:19 Horse Collar
34:43 Padded Archer Armor
40:33 Imperial Age
39:31 Murder Holes
41:17 Hand Cart
41:16 Bracer
42:48 Conscription
48:37 Gold Mining
48:51 Heavy Plow
49:37 Leather Archer Armor
58:59 Ring Archer Armor
59:04 Scale Mail Armor
59:15 Forging
64:19 Fabric Shields
63:52 Champi Runner
65:09 Chain Mail Armor
65:31 Iron Casting
65:10 Champi Warrior
65:51 Squires
67:54 Elite Champi Warrior
海峡
8:26 Loom
11:42 Feudal Age
12:29 Double-Bit Axe
16:07 Castle Age
14:10 Gold Mining
13:59 Champi Runner
15:03 Scale Mail Armor
15:48 Forging
15:53 Fishing Lines
16:13 Champi Warrior
17:58 Iron Casting
17:43 Arson
20:57 Chain Mail Armor
22:48 Squires
25:35 Bow Saw
27:17 Gillnets
29:55 Wheelbarrow
32:39 Hand Cart
34:04 Gold Shaft Mining
44:30 Imperial Age
44:47 Elite Champi Warrior
46:31 Plate Mail Armor
47:48 Plate Mail Armor
49:53 Blast Furnace
49:28 Capped Ram
53:49 Siege Ram
58:50 Guilds
62:22 Fletching
62:33 Padded Archer Armor
63:13 Bodkin Arrow
63:15 Elite Skirmisher
64:28 Ballistics
64:56 Leather Archer Armor
65:10 Bracer
66:12 Chemistry
65:18 Stone Mining
66:15 Ring Archer Armor
67:12 Stone Shaft Mining
67:51 Treadmill Crane
68:22 Masonry
Connection lost

Rejoining the realm…

Still unreachable

The connection could not be restored.

Session expired

The server has moved on; the page needs a fresh start.